Map: Ley Lines

Players

NotheMama - Winner!

  • Race: Terran Terran
  • League: Diamond
  • Spawn Location: 7:00

Tomato

  • Race: Zerg Zerg
  • League: Master
  • Spawn Location: 1:00

VOD

Have the link to the VOD?

Description

Time

  • Played on: Oct. 27, 2025, 2:04 p.m.
  • Length: 18:20
Show
View Real Time Build Order
Export as new Build Order

NotheMama Terran - Winner!

Build Orders: 1/1/1, Banshee Rush 

Get SALT Encoding   

  12  0:00  SCV  
  13  0:17  Supply Depot  
  13  0:19  SCV  
  14  0:27  Refinery  
  14  0:31  SCV  
  15  0:42  Barracks  
  15  0:45  SCV  
  16  0:56  Refinery  
  16  0:57  SCV  
  17  1:10  SCV  
  18  1:22  SCV  
  19  1:32  Supply Depot, Marine  
  20  1:37  Factory  
  20  1:44  SCV  
  21  1:56  Marine, SCV  
  23  2:10  Orbital Command  
  23  2:13  Marine  
  24  2:20  Starport  
  24  2:26  Factory Tech Lab  
  24  2:31  Marine  
  24  2:51  SCV  
  24  2:55  Siege Tank  
  28  3:00  Starport Tech Lab  
  28  3:11  Command Center  
  28  3:20  Banshee  
  28  3:23  Cloaking Field  
  31  3:33  Supply Depot  
  31  3:38  Engineering Bay  
  31  3:54  SCV  
  32  3:58  Supply Depot  
  32  4:02  Banshee  
  32  4:03  Marine  
  32  4:08  SCV  
  37  4:17  Refinery  
  37  4:20  SCV  
  37  4:21  Refinery  
  38  4:30  Siege Tank  
  41  4:34  Marine  
  41  5:10  Starport  
  41  5:12  Starport  
  41  5:13  Planetary Fortress  
  41  6:06  Siege Tank  
  41  6:21  Hyperflight Rotors  
  41  6:32  Starport Tech Lab  
  38  6:38  Siege Tank  
  41  6:42  Starport Tech Lab, Command Center  
  41  6:44  Missile Turret, Fusion Core  
  41  6:47  Missile Turret  
  41  7:04  Banshee  
  41  7:05  Banshee  
  41  7:07  SCV  
  48  7:10  Siege Tank  
  48  7:12  SCV  
  52  7:19  SCV  
  53  7:29  Armory  
  53  7:30  Armory  
  53  7:33  Supply Depot  
  53  7:37  Weapon Refit  
  53  7:46  SCV  
  54  7:58  SCV  
  55  7:59  Missile Turret  
  55  8:04  Missile Turret  
  55  8:06  Orbital Command  
  55  8:10  SCV  
  56  8:16  Command Center  
  56  8:25  Terran Vehicle And Ship Armor Level 1  
  56  8:26  Terran Ship Weapons Level 1  
  56  8:37  SCV  
  56  8:39  SCV  
  58  8:49  SCV  
  58  8:51  SCV  
  60  9:06  Battlecruiser  
  63  9:28  Battlecruiser  
  63  9:30  SCV  
  70  9:41  Missile Turret  
  70  9:43  SCV  
  71  9:52  Supply Depot  
  71  9:55  Planetary Fortress, Starport, SCV  
  72  10:06  Missile Turret  
  73  10:07  Missile Turret, SCV  
  73  10:16  Refinery x2  
  73  10:19  Battlecruiser  
  79  10:26  Terran Vehicle And Ship Armor Level 2  
  79  10:32  SCV  
  79  10:35  SCV  
  81  10:42  SCV  
  82  10:44  SCV  
  82  10:45  Terran Ship Weapons Level 2  
  82  10:49  Starport Tech Lab  
  83  10:54  SCV  
  83  10:56  Battlecruiser  
  90  11:05  SCV  
  90  11:07  SCV x3  
  94  11:17  SCV  
  91  11:36  Battlecruiser  
  97  11:49  Missile Turret  
  97  11:50  Missile Turret  
  97  11:58  Supply Depot  
  97  12:01  Supply Depot  
  97  12:02  Supply Depot  
  97  12:03  Supply Depot  
  97  12:06  Supply Depot  
  97  12:19  Battlecruiser  
  97  12:20  Battlecruiser, SCV  
  97  12:21  SCV  
  97  12:22  SCV x2  
  113  12:32  SCV  
  113  12:34  SCV x2  
  116  12:42  Battlecruiser  
  122  12:53  Command Center  
  122  12:55  SCV  
  123  13:12  Terran Vehicle And Ship Armor Level 3  
  123  13:17  Terran Ship Weapons Level 3  
  123  13:22  SCV  
  123  13:23  Battlecruiser  
  130  13:29  Battlecruiser  
  137  13:34  SCV  
  137  13:36  Starport  
  137  13:53  Battlecruiser  
  143  14:00  Supply Depot  
  143  14:02  Supply Depot  
  143  14:06  Missile Turret  
  143  14:08  SCV  
  143  14:09  Missile Turret  
  144  14:19  Orbital Command  
  144  14:23  Command Center  
  144  14:24  Supply Depot  
  144  14:27  Supply Depot  
  144  14:29  Battlecruiser  
  150  14:32  Starport Tech Lab  
  150  14:40  SCV  
  151  14:53  Command Center  
  151  14:54  Battlecruiser  
  157  15:00  Supply Depot  
  157  15:12  Refinery  
  157  15:13  Refinery  
  157  15:28  Battlecruiser x2  
  166  15:43  Command Center  
  166  15:46  Refinery  
  166  15:50  Refinery  
  166  15:52  Planetary Fortress  
  166  15:54  Missile Turret  
  166  15:58  Missile Turret  
  166  16:11  Missile Turret  
  166  16:15  Missile Turret  
  163  16:23  Battlecruiser x2  
  173  16:26  Terran Vehicle Weapons Level 1  
  152  17:13  Missile Turret  
  154  17:16  Missile Turret  
Show
View Real Time Build Order
Export as new Build Order

Tomato Zerg 

Build Orders: Hatch First, Zergling Baneling 

Get SALT Encoding   

  12  0:01  Drone  
  13  0:08  Drone  
  14  0:17  Overlord  
  14  0:35  Drone  
  14  0:36  Drone x2  
  17  0:52  Hatchery  
  17  0:56  Drone  
  17  0:59  Extractor  
  17  1:02  Drone  
  17  1:13  Drone  
  18  1:20  Spawning Pool  
  18  1:24  Drone  
  18  1:39  Drone  
  19  1:48  Drone  
  19  1:51  Overlord  
  20  2:04  Overlord  
  20  2:07  Queen  
  22  2:10  Queen  
  24  2:21  Drone x2  
  26  2:26  Metabolic Boost  
  26  2:28  Zergling x2  
  26  2:29  Zergling x2  
  28  2:34  Zergling x2  
  28  2:35  Zergling x2  
  30  2:38  Drone  
  31  2:46  Zergling x2  
  31  2:50  Baneling Nest  
  30  2:56  Zergling x2  
  31  2:59  Drone  
  31  3:03  Drone  
  33  3:14  Zergling x2  
  33  3:15  Zergling x2  
  35  3:23  Zergling x8  
  40  3:27  Zergling x8  
  43  3:35  Baneling x5  
  43  3:36  Baneling x3  
  43  3:40  Zergling x2  
  44  3:42  Overlord  
  43  4:05  Drone x4  
  47  4:11  Lair, Extractor  
  46  4:24  Drone  
  46  4:25  Drone x3  
  46  4:26  Drone  
  46  4:28  Extractor  
  46  4:29  Extractor  
  48  4:39  Spore Crawler  
  48  4:40  Spore Crawler  
  32  5:07  Drone  
  32  5:13  Hydralisk Den  
  32  5:14  Drone x3  
  32  5:15  Drone x2  
  32  5:19  Overlord  
  36  5:27  Drone x2  
  37  5:30  Spore Crawler  
  37  5:34  Queen  
  34  5:41  Hydralisk x2  
  34  5:42  Hydralisk  
  34  5:57  Overseer  
  34  6:00  Drone  
  34  6:03  Drone x3  
  29  6:28  Drone x5  
  29  6:29  Drone  
  29  6:30  Hydralisk x2  
  29  6:32  Drone  
  40  6:35  Drone x2  
  42  6:42  Drone  
  42  6:43  Drone  
  44  6:56  Hydralisk x2  
  44  6:58  Overlord  
  48  7:08  Grooved Spines  
  48  7:11  Overlord  
  48  7:13  Drone  
  48  7:14  Drone x2  
  51  7:21  Overseer  
  51  7:24  Drone  
  52  7:30  Hydralisk  
  52  7:31  Hydralisk  
  56  7:53  Hydralisk x4  
  56  7:54  Hydralisk  
  56  7:56  Overlord  
  56  7:58  Drone  
  67  8:05  Drone x2  
  67  8:06  Drone  
  70  8:17  Drone  
  71  8:20  Hydralisk  
  71  8:21  Hydralisk x2  
  71  8:26  Evolution Chamber  
  76  8:30  Evolution Chamber  
  75  8:35  Overseer  
  75  8:38  Drone  
  75  8:39  Drone x2  
  78  8:43  Drone  
  79  8:50  Roach Warren  
  78  8:56  Muscular Augments  
  78  8:57  Zerg Missile Weapons Level 1  
  71  9:33  Glial Reconstitution  
  71  9:35  Roach x5  
  81  9:51  Hatchery  
  80  9:58  Drone x4  
  84  10:04  Overlord x2  
  84  10:11  Overlord  
  84  10:17  Zerg Ground Armor Level 1  
  84  10:25  Drone x4  
  88  10:29  Roach  
  88  10:31  Roach  
  92  10:37  Ravager x2  
  92  10:38  Ravager x3  
  97  10:45  Roach x2  
  97  10:46  Roach  
  103  10:53  Overlord  
  103  11:02  Zerg Missile Weapons Level 2  
  103  11:03  Queen  
  105  11:04  Drone  
  54  11:40  Drone x3  
  54  11:46  Drone x6  
  63  11:52  Spire, Drone  
  63  11:53  Drone x3  
  63  11:54  Drone x12  
  78  12:02  Infestation Pit  
  78  12:04  Drone  
  78  12:07  Extractor x2  
  76  12:22  Hatchery  
  75  12:39  Hive  
  75  12:44  Overlord  
  75  12:49  Overlord  
  75  12:59  Corruptor x2  
  75  13:00  Corruptor x5  
  89  13:15  Ravager x2  
  89  13:16  Ravager  
  92  13:20  Centrifugal Hooks  
  92  13:21  Zergling x8  
  96  13:27  Corruptor  
  96  13:28  Corruptor x2  
  96  13:29  Corruptor x4  
  96  13:31  Overlord  
  96  13:32  Overlord x3  
  110  13:42  Overlord  
  110  13:45  Baneling x6  
  110  13:46  Baneling x2, Queen  
  110  13:47  Drone  
  113  13:49  Drone x2  
  113  13:54  Greater Spire  
  115  13:56  Drone x2  
  115  13:57  Drone  
  118  14:05  Drone x2  
  118  14:09  Extractor  
  119  14:13  Drone  
  119  14:16  Zergling x6  
  123  14:20  Extractor  
  123  14:21  Overlord  
  122  14:26  Zerg Ground Armor Level 2, Zerg Melee Weapons Level 1  
  122  14:28  Drone x2  
  124  14:34  Overlord  
  124  14:40  Drone  
  124  14:44  Drone x2  
  124  14:45  Drone x7  
  134  14:55  Overlord  
  134  15:01  Drone  
  134  15:02  Drone  
  134  15:04  Drone x2  
  134  15:06  Brood Lord x6  
  134  15:07  Brood Lord  
  149  15:17  Spore Crawler  
  144  15:32  Brood Lord x4  
  152  15:43  Drone  
  152  15:44  Drone  
  154  15:55  Brood Lord x2  
  158  15:57  Corruptor  
  158  15:59  Zergling x10  
  158  16:00  Zergling x6  
  158  16:01  Zergling x12  
  174  16:08  Hatchery  
  164  16:44  Overlord, Corruptor x3  
  129  17:01  Overlord  
  129  17:02  Overlord x6  
  102  17:32  Spawning Pool  
Tags
 
Add a new tag
Caveats
  • Supply blocks, unpowered buildings, or Contaminate may cause inaccurate times.
  • Supply counts are checked every 10 seconds.